 Dungeon Crawl Stone Soup version 0.29-a0-892-g2c4c91d9db (webtiles) character file.

Game seed: 3397063860909675107

7 mandarbmax the Grasshopper (level 2, 0/26 HPs)
             Began as a Naga Warper on July 22, 2022.
             Slain by a giant cockroach (2 damage)
             ... on level 1 of the Dungeon.
             The game lasted 00:01:10 (167 turns).

mandarbmax the Grasshopper (Naga Warper)             Turns: 167, Time: 00:01:12

Health: 0/26       AC:  2    Str: 13    XL:     2   Next: 4%
Magic:  5/5        EV:  9    Int: 13    God:
Gold:   17         SH:  0    Dex: 10    Spells: 5/5 levels left

rFire   . . .      SeeInvis +   a - +0 spear
rCold   . . .      Faith    .   (no shield)
rNeg    . . .      Spirit   .   b - +0 leather armour
rPois   +          Reflect  .   (no helmet)
rElec   .          Harm     .   (no cloak)
rCorr   .          Rampage  .   (no gloves)
Will    .....                   (no barding)
Stlth   +.........              (no amulet)
HPRegen 0.08/turn               (no ring)
MPRegen 0.09/turn               (no ring)

@: very slow
A: AC +0, large, see invisible, deformed body, poison resistance, slowness 2,
spit poison 1, naga tail 1
a: Spit Poison


You were on level 1 of the Dungeon.
You visited 1 branch of the dungeon, and saw 1 of its levels.

You collected 17 gold pieces.

Inventory:

Hand Weapons
 a - a +0 spear (weapon)
 f - a +0 dagger of pain
Missiles
 d - 7 boomerangs of dispersal
Armour
 b - a +0 leather armour (worn)
Scrolls
 c - a scroll of blinking


   Skills:
 - Level 2.0 Fighting
 - Level 2.0 Polearms
 - Level 0.8 Throwing
 + Level 1.2 Armour
 + Level 1.9 Dodging
 - Level 2.0 Spellcasting
 - Level 3.0 Translocations


You had 5 spell levels left.
You didn't know any spells.
Your spell library contained the following spells:

 Spells                   Type           Power      Damage    Failure   Level
 Blink                    Tloc           18%        N/A       14%         2
 Gell's Gravitas          Tloc           9%         N/A       28%         3
 Lesser Beckoning         Tloc           9%         N/A       28%         3
 Teleport Other           Tloc           9%         N/A       28%         3
 Manifold Assault         Tloc           9%         N/A       95%         5


Dungeon Overview and Level Annotations

Branches:
Dungeon (1/15)

Altars:


Innate Abilities, Weirdness & Mutations

Your serpentine skin is tough. (AC +0)
You have supernaturally acute eyesight. (SInv)
Armour fits poorly on your strangely shaped body.
Your system is resistant to poisons. (rPois)
You cover ground very slowly.
You can spit poison.
You have a snake-like lower body.


Message History

The splash of poison hits the ball python.
The ball python is poisoned.
You kill the ball python!
The dart slug launches a dart at you. The slug dart hits you.
* * * LOW HITPOINT WARNING * * *
You have reached level 2!
You aren't carrying any potions.
Blink to where?
Press: ? - help, Dir - move target, f - you
Okay, then.
As you read the scroll labelled OLOLIRE BECEGU, it crumbles to dust.
You hear the tinkle of a tiny bell.
It was a scroll of butterflies.
The giant cockroach bites you.
* * * LOW HITPOINT WARNING * * *
You swap places.
The giant cockroach barely misses you.
You swap places.
The giant cockroach barely misses your butterfly.
The giant cockroach bites your butterfly.
Your butterfly dies!
Your butterfly disappears in a burst of colours!
Something completely misses your butterfly.
Okay, then.
Reach: a) +0 spear
Press: ? - help, Dir - move target, f - giant cockroach
Aim: a giant cockroach (ally target, about 40% to evade your +0 spear)
You reach to attack!
You hit the giant cockroach.
The giant cockroach is moderately wounded.
You have got your breath back.
You barely miss the giant cockroach.
The giant cockroach is moderately wounded.
The giant cockroach bites you but does no damage.
Something misses your butterfly.
You barely miss the giant cockroach.
The giant cockroach is moderately wounded.
The giant cockroach barely misses you. Something bites your butterfly.
Your butterfly dies!
Your butterfly disappears in a burst of colours!
The giant cockroach bites you.
You die...

##.#.#.#####.#
#..............
#..###.####....
###.##...##..# #.#
.........##..# #.#
.?......$##..# #.#
.........##..###.#
.........##......#
.........##@######
.........##B#
........b##.########
......#..w.bb.......
##### #####b#######.
#...........
#######.#.#######.
..........#
#######.###


You could see a giant cockroach (ally target).

Vanquished Creatures
  A ball python (D:1)
  An endoplasm (D:1)
  A goblin (D:1)
  A hobgoblin (D:1)
  3 rats (D:1)
7 creatures vanquished.

Notes
Turn   | Place    | Note
-------+----------+-------------------------------------------
     0 | D:1      | mandarbmax the Naga Warper began the quest for the Orb.
     0 | D:1      | Reached XP level 1. HP: 19/19 MP: 3/3
    65 | D:1      | Reached skill level 1 in Armour
   161 | D:1      | Reached XP level 2. HP: 2/26 MP: 5/5
   161 | D:1      | HP: 1/26 [giant cockroach (1)]
   167 | D:1      | Slain by a giant cockroach

Illustrated notes

Levels and vault maps discovered:
D:1:      co_arrival_square_in_a_square_in_a_square, layout_basic,
          dilly_ecumenical_altar_fadedgnrine

Skill      XL: |  1 |
---------------+----+-----
Armour         | 1 |  1.2
Fighting       | |  2.0
Polearms       | |  2.0
Throwing       | |  0.8
Dodging        | |  1.9
Spellcasting   | |  2.0
Translocations | |  3.0

Action                   || total
-------------------------++-------
Melee: Spear             ||    19
 Abil: Spit Poison       ||     5
  Use: Scroll            ||     1
 Stab: Sleeping          ||     1
Armor: Leather armour    ||     1
Dodge: Dodged            ||     9

Table legend: (Time is in decaauts)
 A = Elapsed time spent in this place.
 B = Non-inter-level travel time spent in this place.
 C = Inter-level travel time spent in this place.
 D = Time resting spent in this place.
 E = Time spent auto-exploring this place.
 F = Levels seen in this place.
 G = Mean time per level.
                   A        B        C        D        E       F      G
               +--------+--------+--------+--------+--------+-----+--------+
         Total |    221 |    221 |      0 |      0 |    164 |   1 |  221.0 |
       Dungeon |    221 |    221 |      0 |      0 |    164 |   1 |  221.0 |
               +--------+--------+--------+--------+--------+-----+--------+

Top non-repeatable levels by time:
     D:1: 221 daAuts
